 Dungeon Crawl Stone Soup version 0.28.0-49-g6dfe1f597d (webtiles) character file.

Game seed: 15516941888896586243

294 ZappyNine the Shield-Bearer (level 6, -4/46 (52) HPs)
             Began as a Formicid Fighter on May 18, 2022.
             Slain by a wight
             ... wielding a +0 halberd
              (7 damage)
             ... on level 4 of the Dungeon.
             The game lasted 00:02:53 (2736 turns).

ZappyNine the Shield-Bearer (Formicid Fighter)      Turns: 2736, Time: 00:02:54

HP:   -4/46 (52)    AC:  6    Str: 22    XL:     6   Next: 60%
MP:   6/6           EV: 13    Int:  8    God:
Gold: 125           SH:  5    Dex: 10    Spells: 5/5 levels left

rFire   . . .      SeeInvis +   a - +0 long sword
rCold   . . .      Faith    .   c - +0 buckler
rNeg    . . .      Spirit   .   b - +0 scale mail
rPois   .          Reflect  .   (helmet unavailable)
rElec   .          Harm     .   (no cloak)
rCorr   .          Rampage  .   (no gloves)
Will    .....                   (no boots)
Stlth   ..........              r - amulet of regeneration
HPRegen 0.95/turn               x - +4 ring of evasion
MPRegen 0.10/turn               (no ring)

@: heavily drained
A: permanent stasis, dig shafts and tunnels, antennae 3, four strong arms
a: Dig, Shaft Self


You were on level 4 of the Dungeon.
You visited 1 branch of the dungeon, and saw 4 of its levels.

You collected 125 gold pieces.

Inventory:

Hand Weapons
 a - a +0 long sword (weapon)
Missiles
 j - 6 atropa-tipped darts
Armour
 b - a +0 scale mail (worn)
 c - a +0 buckler (worn)
Jewellery
 e - an amulet of guardian spirit
 r - an amulet of regeneration (around neck)
 x - a +4 ring of evasion (left hand)
Wands
 v - a wand of digging (6)
Scrolls
 d - a scroll of enchant weapon {unknown}
 f - a scroll of holy word {unknown}
 g - 4 scrolls of noise {unknown}
 o - a scroll of teleportation {unknown}
 p - 2 scrolls of identify {unknown}
 t - a scroll of amnesia {unknown}
 u - a scroll of blinking {unknown}
Potions
 h - a potion of lignification {unknown}
 i - a potion of curing {unknown}
 k - a potion of degeneration {unknown}
 l - 2 potions of heal wounds {unknown}
 m - a potion of attraction {unknown}
 n - a potion of resistance {unknown}
 q - a potion of cancellation {unknown}
 s - a potion of invisibility {unknown}
 w - a potion of flight {unknown}


   Skills:
 + Level 5.8 Fighting
 - Level 2.0 Long Blades
 - Level 3.2 Armour
 + Level 6.4 Shields


You had 5 spell levels left.
You didn't know any spells.
Your spell library contained the following spells:

 Spells                   Type           Power      Damage    Failure   Level
 Apportation              Tloc           0%         N/A       80%         1
 Freeze                   Ice            0%         1d3       80%         1
 Frozen Ramparts          Ice            0%         1d2       99%         3
 Fulminant Prism          Conj/Hex       0%         3d6       100%        4
 Alistair's Intoxication  Tmut/Pois      0%         N/A       100%        5
 Enfeeble                 Hex            0%         N/A       100%        7


Dungeon Overview and Level Annotations

Branches:
Dungeon (4/15)             Temple (0/1) D:4

Altars:

Shops:
D:3 *

Annotations:
D:2 1 runed translucent door, Crazy Yiuf
D:4 Dowan


Innate Abilities, Weirdness & Mutations

You cannot be hasted, slowed, berserked, paralysed or teleported.
You can dig through walls and to a lower floor.
You have a pair of large antennae on your head. (SInv)
Your four strong arms can wield two-handed weapons with a shield.


Message History

Duvessa is heavily wounded.
Duvessa closely misses you.
You slash Duvessa!
Duvessa is almost dead.
You block Duvessa's attack.
You slash Duvessa!
You kill Duvessa!
You hear a distant wail of despair.
The wight hits you with a +0 halberd.
Your Shields skill increases to level 6!
You hit the wight.
The wight is moderately damaged.
The wight barely misses you.
You closely miss the wight.
The wight is moderately damaged.
The wight barely misses you. The wight hits you with a +0 halberd!
You feel drained.
You are too injured to fight recklessly!
You are too injured to fight recklessly!
You are too injured to fight recklessly!
You are too injured to fight recklessly!
You are too injured to fight recklessly!
You are too injured to fight recklessly!
You are too injured to fight recklessly!
You are too injured to fight recklessly!
You are too injured to fight recklessly!
You are too injured to fight recklessly!
You are too injured to fight recklessly!
You are too injured to fight recklessly!
You are too injured to fight recklessly!
You are too injured to fight recklessly!
You are too injured to fight recklessly!
You are too injured to fight recklessly!
You are too injured to fight recklessly!
Unknown command.
You hit the wight.
The wight is heavily damaged.
The wight hits you with a +0 halberd!
* * * LOW HITPOINT WARNING * * *
You feel drained.
You die...

### #@##
##z# ##{##
###.###{{#
.
.......{{#
.....
####.###{##
...... #
#{{##
......
#.#.####..#
#.##.{...#


You could see a wight.

Vanquished Creatures
  Duvessa (D:4)
  A black bear (D:4)
  A hound (D:4)
  An adder skeleton (D:4)
  2 worms
  3 dart slugs
  7 ball pythons
  3 bats
  8 endoplasms
  9 goblins
  4 hobgoblins
  4 jackals
  A quokka (D:2)
  13 frilled lizards
  7 kobolds
  6 rats
71 creatures vanquished.

Vanquished Creatures (others)
  4 plants (D:1)
4 creatures vanquished.

Grand Total: 75 creatures vanquished

Notes
Turn   | Place    | Note
-------+----------+-------------------------------------------
     0 | D:1      | ZappyNine the Formicid Fighter began the quest for the Orb.
     0 | D:1      | Reached XP level 1. HP: 18/18 MP: 1/1
   287 | D:1      | Reached XP level 2. HP: 20/24 MP: 2/2
   346 | D:1      | Reached skill level 4 in Shields
   426 | D:1      | Got Sif Muna's Incunabulum of the Captivating Frostbite
   648 | D:1      | Reached XP level 3. HP: 30/30 MP: 3/3
  1236 | D:2      | Found a runed translucent door.
  1237 | D:2      | Noticed Crazy Yiuf
  1472 | D:2      | Reached XP level 4. HP: 29/37 MP: 2/4
  1784 | D:3      | Found Boemm's Assorted Antiques.
  2146 | D:3      | Found a faded altar of an unknown god.
  2577 | D:4      | Noticed a black bear
  2588 | D:4      | Killed a black bear
  2589 | D:4      | Reached skill level 5 in Fighting
  2589 | D:4      | Reached skill level 5 in Shields
  2589 | D:4      | Reached XP level 5. HP: 25/44 MP: 5/5
  2677 | D:4      | Found a staircase to the Ecumenical Temple.
  2680 | D:4      | Noticed Duvessa
  2680 | D:4      | Noticed Dowan
  2681 | D:4      | Noticed a necrophage
  2722 | D:4      | Reached XP level 6. HP: 37/40 MP: 6/6
  2733 | D:4      | Killed Duvessa
  2734 | D:4      | Reached skill level 6 in Shields
  2736 | D:4      | Slain by a wight

Illustrated notes

Levels and vault maps discovered:
D:1:      dpeg_arrival_orchard, layout_loops_ring, minmay_lizard_king
D:2:      layout_basic, uniq_crazy_yiuf_cottage
D:3:      layout_loops_ring, serial_shops, nicolae_diamond_shop,
          shapermc_ecumenical_altar_notcrosses, chequers_avenue, minivault_4,
          minmay_misc_feat_room, minmay_misc_feat_columns, supply_closet_lemuel,
          amcnicky_mini_corridor_feature
D:4:      layout_rooms, minmay_temple_entry_proselytizer, minmay_joined_circles,
          uniq_duvessa

Skill      XL: |  1  2  3  4  5  6 |
---------------+-------------------+-----
Shields        | 4 5 6 |  6.4
Fighting       | 4 5 |  5.8
Long Blades    | |  2.0
Armour         | |  3.2

Action                   |  1- 3 |  4- 6 || total
-------------------------+-------+-------++-------
Melee: Long sword        |   109 |    91 ||   200
 Abil: Dig               |       |     3 ||     3
  Use: Potion            |       |     1 ||     1
Armor: Scale mail        |    50 |    47 ||    97
Dodge: Dodged            |    56 |    54 ||   110
Block: Buckler           |    21 |    28 ||    49
